 Dungeon Crawl Stone Soup version 0.24.0-125-gc4c63601f3 (webtiles) character file.

Game seed: 16608365404003375510, levelgen mode: deterministic

6150 magipi the Basher (level 10, -2/82 HPs)
             Began as a Gnoll Chaos Knight on Feb 21, 2020.
             Was a Plaything of Xom.
             Slain by a guardian serpent (15 damage)
             ... on level 3 of the Lair of Beasts.
             The game lasted 00:28:37 (8589 turns).

magipi the Basher (Gnoll Chaos Knight)              Turns: 8589, Time: 00:28:38

Health: -2/82      AC: 11    Str: 21    XL:     10   Next: 90%
Magic:  18/18      EV: 16    Int: 17    God:    Xom [....*.]
Gold:   519        SH:  9    Dex: 17    Spells: 20/20 levels left

rFire    + . .     SeeInvis .   a - +1 dagger (elec)
rCold    . . .     Gourm    .   g - +0 buckler
rNeg     . . .     Faith    .   p - +2 leather armour
rPois    .         Spirit   .   (helmet restricted)
rElec    +         Reflect  +   q - +1 cloak
rCorr    .         Harm     .   y - +1 pair of gloves
MR       .....     Clarity  +   (no boots)
Stlth    +++.......             C - +3 amulet of reflection
HPRegen  0.23/turn              f - ring of protection from fire
MPRegen  0.16/turn              x - +6 ring of strength

@: no status effects
A: distributed training, antennae 1, fangs 1, agile 1, blink, clarity, shaggy
fur 1, electricity resistance, MP-powered wands, strong nose
a: Blink, Renounce Religion


You were on level 3 of the Lair of Beasts.
You worshipped Xom.
You were a beloved toy of Xom.
You were not hungry.

You visited 2 branches of the dungeon, and saw 11 of its levels.

You collected 519 gold pieces.

Inventory:

Hand Weapons
 a - a +1 dagger of electrocution (weapon)
   (You took it off an orc wizard on level 6 of the Dungeon)
 b - the +8 hand axe of Devotion {speed, rElec rC+ Dex+2}
   (You found it on level 5 of the Dungeon)

   Attacks with this weapon are significantly faster.
   It affects your dexterity (+2).
   It protects you from cold.
   It insulates you from electricity.
 r - a +3 quarterstaff of chaos
   (You took it off Crazy Yiuf on level 2 of the Dungeon)
 t - a +0 mace of chaos
 G - a +0 trident
   (You found it on level 4 of the Dungeon)
 J - a +2 dagger of venom
   (You took it off Jessica on level 3 of the Dungeon)
Missiles
 d - 8 boomerangs (quivered)
 L - 5 javelins
Armour
 g - a +0 buckler (worn)
   (You found it on level 1 of the Dungeon)
 p - a +2 leather armour (worn)
 q - a +1 cloak (worn)
   (You took it off Crazy Yiuf on level 2 of the Dungeon)
 y - a +1 pair of gloves (worn)
   (You found it on level 3 of the Dungeon)
 N - a +0 helmet
   (You found it on level 1 of the Dungeon)
Jewellery
 f - a ring of protection from fire (left hand)
   (You found it on level 8 of the Dungeon)
 n - an uncursed ring of positive energy
   (Xom gifted it to you on level 6 of the Dungeon)
 x - a +6 ring of strength (right hand)
   (You found it on level 3 of the Dungeon)
 C - a +3 amulet of reflection (around neck)
   (You found it on level 5 of the Dungeon)
Wands
 E - a wand of flame (19)
   (You found it on level 6 of the Dungeon)
Scrolls
 e - 5 scrolls of remove curse
 o - 3 scrolls of teleportation
 s - 4 scrolls of enchant armour
 A - a scroll of immolation
 B - 2 scrolls of fog
 H - a scroll of blinking {unknown}
Potions
 h - 3 potions of heal wounds {unknown}
 i - 6 potions of curing
 k - a potion of agility
 l - a potion of resistance
 z - a potion of flight
 D - a potion of magic
 F - 2 potions of brilliance {unknown}
 I - a potion of lignification {unknown}
Comestibles
 c - 20 rations
 m - a chunk of flesh


   Skills:
 + Level 8.7 Fighting
 + Level 5.6 Short Blades
 + Level 5.6 Long Blades
 + Level 5.6 Axes
 + Level 8.7 Maces & Flails
 + Level 5.6 Polearms
 + Level 5.6 Staves
 + Level 5.6 Slings
 + Level 5.6 Bows
 + Level 5.6 Crossbows
 + Level 5.6 Throwing
 + Level 7.3 Armour
 + Level 6.2 Dodging
 + Level 5.6 Stealth
 + Level 5.6 Shields
 + Level 5.6 Unarmed Combat
 + Level 5.6 Spellcasting
 + Level 4.6 Conjurations
 + Level 4.6 Hexes
 + Level 4.6 Charms
 + Level 4.6 Summonings
 + Level 4.6 Necromancy
 + Level 4.6 Translocations
 + Level 4.6 Transmutations
 + Level 4.6 Fire Magic
 + Level 4.6 Ice Magic
 + Level 4.6 Air Magic
 + Level 4.6 Earth Magic
 + Level 4.6 Poison Magic
 + Level 6.1 Invocations
 + Level 5.6 Evocations


You had 20 spell levels left.
You didn't know any spells.
Your spell library contained the following spells:

 Spells                   Type           Power        Failure   Level  Hunger
 Shock                    Conj/Air       ###.         2%          1    None
 Swiftness                Chrm/Air       ###.....     3%          2    #......
 Static Discharge         Conj/Air       ###.....     7%          3    ##.....
 Airstrike                Air            ###.......   22%         4    ####...
 Lightning Bolt           Conj/Air       ###.......   54%         5    ######.


Dungeon Overview and Level Annotations

Branches:
Dungeon (8/15)             Temple (0/1) D:5            Lair (3/6) D:8
  Snake (0/4) Lair:3
  Swamp: Lair:2-4    Shoals: Lair:2-4

Altars:
Cheibriados
Dithmenos
Fedhas
Gozag
Hepliaklqana
Kikubaaqudgha
Qazlal
Sif Muna
Uskayaw
Xom
Yredelemnul

Annotations:
D:2 Sigmund
D:3 exclusion: door


Innate Abilities, Weirdness & Mutations

Your experience applies equally to all skills.
You have very sharp teeth.
Your uncanny sense of smell can sniff out nearby items.
You have a pair of small antennae on your head.
You are agile. (Dex +2)
You can translocate small distances at will.
You possess an exceptional clarity of mind.
You are covered in fur. (AC +1)
You are resistant to electric shocks. (rElec)
You expend magic power (3 MP) to strengthen your wands.


Message History

You feel yourself speed up.
The komodo dragon hisses menacingly.
The komodo dragon bites you!!
The spiny frog croaks.
Unknown command.
Unknown command.
You hit the komodo dragon but do no damage.
You hear a roar! x2
You block the komodo dragon's attack.
Unknown command.
You barely miss the komodo dragon. You block the komodo dragon's attack.
A seven-headed hydra comes into view.
The spiny frog misses you.
An eight-headed hydra comes into view.
The spiny frog completely misses you. The komodo dragon bites you!!
The komodo dragon misses you.
Evoke which item? (* to show all) (? for menu, Esc to quit)
Okay, then.
Unknown command.
Unknown command.
As you read the scroll of teleportation, it crumbles to dust.
You feel strangely unstable.
You enter the shallow water.
Moving in this stuff is going to be slow.
Your surroundings suddenly seem different.
Found 22 gold pieces and 26 arrows.
Found a scroll of fog.
Found a stone staircase leading down.
B - 2 scrolls of fog (gained 1)
A rime drake comes into view.
The rime drake moves out of view.
You see here 26 arrows.
Found 5 boomerangs.
A water moccasin comes into view.
Found an engraved book.
A guardian serpent comes into view.
The guardian serpent shouts!
Xom's power touches on your mind for a moment.
The guardian serpent looks rather confused.
The guardian serpent moves out of view.
Found a staircase to the Snake Pit.
Your extra speed is starting to run out.
A crocodile comes into view.
You feel yourself slow down.
d - 8 boomerangs (gained 5)
You start resting.
The crocodile is too close now for your liking.
Unknown command.
You start resting.
Xom notices you.
You feel earthy.
You start resting.
You feel a little less agile now.
You start resting.
The guardian serpent is too close now for your liking.
Unknown command.
You completely miss the guardian serpent.
Your bite misses the guardian serpent.
The guardian serpent closely misses you.
You hit the guardian serpent but do no damage.
The guardian serpent coils itself and waves its upper body at you.
The bolt of poison misses you.
You completely miss the guardian serpent.
The guardian serpent hits you!
You hit the guardian serpent.
The guardian serpent is lightly wounded.
The guardian serpent closely misses you.
Evoke which item? (* to show all) (? for menu, Esc to quit)
Okay, then.
Unknown command.
It was a potion of might.
You feel very mighty all of a sudden. The guardian serpent hits you!
The guardian serpent hits you but does no damage.
You miss the guardian serpent. The guardian serpent hits you!
* * * LOW HITPOINT WARNING * * *
Unknown command.
Unknown command.
It was a potion of flight.
You feel very buoyant.
You fly up into the air.
Xom thinks this is hilarious!
The guardian serpent closely misses you.
The guardian serpent hits you.
* * * LOW HITPOINT WARNING * * *
Unknown command.
It was a potion of cancellation.
Your magical effects are unravelling.
You feel magically purged.
Xom thinks this is hilarious!
You float gracefully downwards.
You feel a little less mighty now.
The guardian serpent casts a spell at you.
The bolt of poison misses you.
Unknown command.
It was a potion of magic.
Magic courses through your body. The guardian serpent hits you!
You die...
Xom giggles madly!

.....#....#..#.##......
..#..#.........##...... .
..#.....#....P.#..#.... .
......#..(..#...# ..... .
...#.#......##..#......
#.P...#.....##......... .
#.......#...##.##...P.. >
.$..........#........#.
##......#>.S@#....#.. .
.##....#......##...# . .
............##..#...#..... ...
.............#.#..#....... ...
.............#.#..#........#...
............#..# .#..#....##...
.....##.#...#..# .P.#.....#..P.
..... #.....##.# ....#....#....
..... #...... .. ..#.....P..#.


You could see a guardian serpent.

Vanquished Creatures
  A two-headed ogre (D:8)
  A lindwurm (Lair:3)
  2 komodo dragons (Lair:1)
  A polar bear (Lair:2)
  Prince Ribbit (D:7)
  A hippogriff (Lair:3)
  A spriggan (D:7)
  A hungry ghost (D:7)
  Menkaure (D:7)
  A swamp worm (Lair:3)
  2 porcupines
  3 black bears
  3 water moccasins
  An orc warrior (D:8)
  3 sky beasts
  4 ogres
  An ice beast (D:7)
  A necrophage (D:7)
  3 wolves (Lair:3)
  2 crocodiles (Lair:3)
  7 bullfrogs
  3 scorpions
  2 howler monkeys (D:7)
  2 crimson imps
  A jelly (D:8)
  3 orc wizards
  2 bullfrog zombies
  3 orc priests
  2 hounds (D:8)
  Crazy Yiuf (D:2)
  Jessica (D:3)
  6 worker ants
  5 adders
  4 shadow imps
  3 oozes
  A worm (D:2)
  2 dart slugs
  5 leopard geckos
  17 orcs
  3 ball pythons
  5 bats
  6 giant cockroaches
  9 goblins
  5 hobgoblins
  19 jackals
  6 kobolds
  4 quokkas
  6 frilled lizards
  9 rats
176 creatures vanquished.

Vanquished Creatures (collateral kills)
  A hound (D:3)
  A goblin (D:3)
  A jackal (D:3)
3 creatures vanquished.

Vanquished Creatures (others)
  8 fungi
  A plant (D:8)
9 creatures vanquished.

Grand Total: 188 creatures vanquished

Notes
Turn   | Place    | Note
-------+----------+-------------------------------------------
     0 | D:1      | magipi the Gnoll Chaos Knight began the quest for the Orb.
     0 | D:1      | Reached XP level 1. HP: 23/23 MP: 1/1
    38 | D:1      | XOM: harmless Summ miscast
    73 | D:1      | XOM: divination: magic mapping
   127 | D:1      | Reached XP level 2. HP: 26/29 MP: 2/2
   509 | D:1      | Reached XP level 3. HP: 33/35 MP: 3/3
   645 | D:2      | Reached skill level 1 in Invocations
   708 | D:2      | XOM: silly message
   760 | D:2      | Reached skill level 1 in Short Blades
   760 | D:2      | Reached skill level 1 in Long Blades
   760 | D:2      | Reached skill level 1 in Axes
   760 | D:2      | Reached skill level 1 in Polearms
   760 | D:2      | Reached skill level 1 in Staves
   760 | D:2      | Reached skill level 1 in Slings
   760 | D:2      | Reached skill level 1 in Bows
   760 | D:2      | Reached skill level 1 in Crossbows
   760 | D:2      | Reached skill level 1 in Throwing
   760 | D:2      | Reached skill level 1 in Stealth
   760 | D:2      | Reached skill level 1 in Shields
   760 | D:2      | Reached skill level 1 in Unarmed Combat
   760 | D:2      | Reached skill level 1 in Spellcasting
   760 | D:2      | Reached skill level 1 in Evocations
   760 | D:2      | Reached XP level 4. HP: 26/41 MP: 5/5
   941 | D:2      | Noticed Sigmund
  1148 | D:2      | Found a runed translucent door.
  1149 | D:2      | Noticed Crazy Yiuf
  1156 | D:2      | XOM: harmless Pois miscast
  1159 | D:2      | Killed Crazy Yiuf
  1328 | D:2      | Reached skill level 1 in Conjurations
  1328 | D:2      | Reached skill level 1 in Hexes
  1328 | D:2      | Reached skill level 1 in Charms
  1328 | D:2      | Reached skill level 1 in Summonings
  1328 | D:2      | Reached skill level 1 in Necromancy
  1328 | D:2      | Reached skill level 1 in Translocations
  1328 | D:2      | Reached skill level 1 in Transmutations
  1328 | D:2      | Reached skill level 1 in Fire Magic
  1328 | D:2      | Reached skill level 1 in Ice Magic
  1328 | D:2      | Reached skill level 1 in Air Magic
  1328 | D:2      | Reached skill level 1 in Earth Magic
  1328 | D:2      | Reached skill level 1 in Poison Magic
  1446 | D:2      | XOM: harmless Pois miscast
  1674 | D:2      | Reached XP level 5. HP: 47/47 MP: 6/6
  1767 | D:2      | XOM: harmless Pois miscast
  1781 | D:3      | Noticed an ogre
  1836 | D:2      | XOM: scenery: 1 doors close
  1890 | D:3      | XOM: give mutations
  1890 | D:3      | Gained mutation: You expend magic power (3 MP) to
                  | strengthen your wands. [Xom's grace]
  1890 | D:3      | Gained mutation: You are agile. (Dex +2) [Xom's grace]
  1890 | D:3      | Gained mutation: You are resistant to electric shocks.
                  | (rElec) [Xom's grace]
  1890 | D:3      | Gained mutation: You passively map a small area around you.
                  | [Xom's grace]
  1911 | D:3      | XOM: god gift: lead wand {god gift}
  1935 | D:3      | Noticed Jessica
  1945 | D:3      | Killed Jessica
  2134 | D:3      | Found a shimmering blue altar of Sif Muna.
  2134 | D:3      | XOM: 2-stop teleportation journey
  2141 | D:3      | XOM: confuse monster(s)
  2199 | D:3      | XOM: 3-stop teleportation journey
  2255 | D:3      | Killed an ogre
  2255 | D:3      | Reached XP level 6. HP: 53/53 MP: 0/8
  2379 | D:3      | Found a basalt altar of Yredelemnul.
  2482 | D:3      | XOM: cast spell 'Summon Mana Viper'
  2488 | D:3      | Reached skill level 5 in Armour
  2572 | D:3      | XOM: harmless Conj miscast
  2632 | D:3      | XOM: god gift: ration
  2819 | D:3      | XOM: give mutations
  2819 | D:3      | Gained mutation: You are covered in fur. (AC +1) [Xom's
                  | grace]
  2819 | D:3      | Gained mutation: You have a pair of small antennae on your
                  | head. [Xom's grace]
  2819 | D:3      | Gained mutation: You possess an exceptional clarity of
                  | mind. [Xom's grace]
  2819 | D:3      | Gained mutation: You can translocate small distances at
                  | will. [Xom's grace]
  2983 | D:4      | XOM: fog
  3013 | D:4      | XOM: 2-stop teleportation journey
  3136 | D:4      | XOM: fog
  3139 | D:4      | Reached XP level 7. HP: 59/59 MP: 10/10
  3156 | D:4      | Found an ancient bone altar of Kikubaaqudgha.
  3157 | D:4      | Found a blossoming altar of Fedhas.
  3277 | D:4      | Found a stormy altar of Qazlal.
  3294 | D:4      | XOM: scenery: create altars
  3454 | D:4      | XOM: harmless Hex miscast
  3486 | D:4      | XOM: scenery: create altars
  3592 | D:5      | Entered Level 5 of the Dungeon
  3618 | D:5      | XOM: 7-stop teleportation journey
  3625 | D:5      | Found a snail-covered altar of Cheibriados.
  3657 | D:5      | XOM: enchant monster (bad)
  3842 | D:5      | Found a staircase to the Ecumenical Temple.
  3873 | D:5      | Noticed a +0 hand axe
  3873 | D:5      | Noticed a +0 hand axe
  3877 | D:5      | Found a hide-covered altar of Uskayaw.
  4036 | D:5      | Got a smoking hand axe
  4330 | D:5      | XOM: god gift: yellow potion {god gift}
  4446 | D:6      | Identified the +8 hand axe of Devotion {speed, rElec rC+
                  | Dex+2} (You found it on level 5 of the Dungeon)
  4523 | D:6      | XOM is BORED!
  4523 | D:6      | XOM: give mutation
  4523 | D:6      | Lost mutation: You passively map a small area around you.
                  | [Xom's mischief]
  4578 | D:6      | Reached XP level 8. HP: 67/67 MP: 12/12
  4703 | D:6      | XOM: god gift: emerald ring {god gift}
  4840 | D:6      | XOM: enchant monster (bad)
  5347 | D:6      | Found an opulent altar of Gozag.
  5349 | D:6      | Found a shadowy altar of Dithmenos.
  5350 | D:6      | Found a hazy altar of Hepliaklqana.
  5696 | D:7      | XOM: 1-stop teleportation journey
  5753 | D:7      | Noticed Menkaure
  5763 | D:7      | Noticed Prince Ribbit
  5782 | D:7      | XOM: divination: detect items
  5784 | D:7      | XOM: smoke on damage
  6149 | D:7      | XOM: god gift: ration
  6184 | D:7      | XOM: enchant monster (bad)
  6187 | D:7      | XOM: harmless Tmut miscast
  6218 | D:7      | Reached XP level 9. HP: 72/72 MP: 14/14
  6323 | D:7      | XOM: polymorph worker ant -> porcupine
  6361 | D:7      | Killed Prince Ribbit
  6504 | D:7      | XOM: harmless Pois miscast
  6533 | D:7      | Found a snail-covered altar of Cheibriados.
  6617 | D:7      | XOM: noise
  6967 | D:7      | Reached skill level 5 in Dodging
  7190 | D:7      | XOM: confuse monster(s)
  7193 | D:7      | Killed Menkaure
  7352 | D:8      | XOM: potion effect (heal wounds)
  7383 | D:8      | Found a staircase to the Lair.
  7390 | D:8      | Reached skill level 5 in Invocations
  7510 | D:8      | XOM: confuse monster(s)
  7554 | D:8      | XOM: confuse monster(s)
  7578 | D:8      | Reached XP level 10. HP: 80/80 MP: 17/17
  7643 | D:8      | Noticed a two-headed ogre
  7650 | D:8      | Killed a two-headed ogre
  7650 | D:8      | Reached skill level 5 in Short Blades
  7650 | D:8      | Reached skill level 5 in Long Blades
  7650 | D:8      | Reached skill level 5 in Axes
  7650 | D:8      | Reached skill level 5 in Polearms
  7650 | D:8      | Reached skill level 5 in Staves
  7650 | D:8      | Reached skill level 5 in Slings
  7650 | D:8      | Reached skill level 5 in Bows
  7650 | D:8      | Reached skill level 5 in Crossbows
  7650 | D:8      | Reached skill level 5 in Throwing
  7650 | D:8      | Reached skill level 5 in Stealth
  7650 | D:8      | Reached skill level 5 in Shields
  7650 | D:8      | Reached skill level 5 in Unarmed Combat
  7650 | D:8      | Reached skill level 5 in Spellcasting
  7650 | D:8      | Reached skill level 5 in Evocations
  7667 | Lair:1   | Entered Level 1 of the Lair of Beasts
  7675 | Lair:1   | XOM: butterfly on damage
  7676 | Lair:1   | XOM: polymorph butterfly -> rat
  7914 | Lair:1   | XOM: fog
  7939 | Lair:2   | Noticed a six-headed hydra
  8403 | Lair:3   | Noticed a lindwurm
  8416 | Lair:3   | XOM: cast spell 'Ring of Flames'
  8429 | Lair:3   | Killed a lindwurm
  8490 | Lair:3   | Noticed a spiny frog
  8497 | Lair:3   | Noticed a seven-headed hydra
  8497 | Lair:3   | Noticed an eight-headed hydra
  8530 | Lair:3   | Noticed a guardian serpent
  8530 | Lair:3   | XOM: confuse monster(s)
  8532 | Lair:3   | Found a staircase to the Snake Pit.
  8559 | Lair:3   | XOM: harmless Erth miscast
  8589 | Lair:3   | Slain by a guardian serpent

Levels and vault maps discovered:
D:1:      scummos_arrival_hexagon, layout_basic,
          corexii_item_surrounded_by_moat, roderic_serpentine_path
D:2:      layout_basic, serial_park_tiny_1, uniq_crazy_yiuf_cottage,
          uniq_sigmund
D:3:      layout_basic, yredelemnul_forgotten_temple_becter, tgw_sif,
          uniq_jessica
D:4:      layout_rooms, grunt_temple_overflow_growth_and_decay,
          overflow_temple_1_default, first_ration
D:5:      layout_cave_pods, kennysheep_mini_moat, dancing_weapons_uskayaw,
          minmay_temple_entry_mini_moons
D:6:      layout_basic, chequers_temple_overflow_statue_of_worship,
          serial_curves, eino_curves_03, eino_curves_04
D:7:      layout_loops_corners, basic_altar, the_bakery, uniq_prince_ribbit1,
          uniq_menkaure
D:8:      layout_basic, grunt_lair_entry_orc_guard_hut, basic_altar,
          corner_web_ring, uniq_grum
Lair:1:   layout_small_grid, cheibrodos_lair_reptile_den
Lair:2:   layout_roguey, serial_bayou_shore_b, serial_bayou_shore_b,
          serial_bayou_shore_b
Lair:3:   layout_long_grid, palyth_hydra_swamp_entry,
          minmay_snake_entry_spellcaster, minmay_holes, forest_entry_grove

Skill      XL: |  1  2  3  4  5  6  7  8  9 10 |
---------------+-------------------------------+-----
Invocations    | 1 2 3 4 5 6 |  6.1
Short Blades   | 1 2 3 4 5 |  5.6
Long Blades    | 1 2 3 4 5 |  5.6
Axes           | 1 2 3 4 5 |  5.6
Polearms       | 1 2 3 4 5 |  5.6
Staves         | 1 2 3 4 5 |  5.6
Slings         | 1 2 3 4 5 |  5.6
Bows           | 1 2 3 4 5 |  5.6
Crossbows      | 1 2 3 4 5 |  5.6
Throwing       | 1 2 3 4 5 |  5.6
Stealth        | 1 2 3 4 5 |  5.6
Shields        | 1 2 3 4 5 |  5.6
Unarmed Combat | 1 2 3 4 5 |  5.6
Spellcasting   | 1 2 3 4 5 |  5.6
Evocations     | 1 2 3 4 5 |  5.6
Conjurations   | 1 2 3 4 |  4.6
Hexes          | 1 2 3 4 |  4.6
Charms         | 1 2 3 4 |  4.6
Summonings     | 1 2 3 4 |  4.6
Necromancy     | 1 2 3 4 |  4.6
Translocations | 1 2 3 4 |  4.6
Transmutations | 1 2 3 4 |  4.6
Fire Magic     | 1 2 3 4 |  4.6
Ice Magic      | 1 2 3 4 |  4.6
Air Magic      | 1 2 3 4 |  4.6
Earth Magic    | 1 2 3 4 |  4.6
Poison Magic   | 1 2 3 4 |  4.6
Dodging        | 3 4 5 6 |  6.2
Armour         | 5 6 7 |  7.3
Fighting       | 7 8 |  8.7
Maces & Flails | 7 8 |  8.7

Action                   |  1- 3 |  4- 6 |  7- 9 | 10-12 || total
-------------------------+-------+-------+-------+-------++-------
Melee: Mace              |    76 |    85 |     2 |       ||   163
       Bite              |     6 |    17 |    40 |    17 ||    80
       Dagger            |       |    72 |   277 |    89 ||   438
       Hand axe          |       |       |    43 |       ||    43
Throw: Boomerang         |       |       |     1 |       ||     1
Evoke: Wand              |       |     3 |     6 |     8 ||    17
  Use: Scroll            |       |       |    14 |     2 ||    16
       Potion            |       |       |       |     6 ||     6
 Stab: Sleeping          |     1 |     3 |     9 |     2 ||    15
       Confused          |     1 |       |     1 |       ||     2
       Paralysed         |       |     1 |       |       ||     1
       Distracted        |       |       |     2 |       ||     2
  Eat: Chunk             |       |     7 |    15 |     3 ||    25
Armor: Leather armour    |    18 |    62 |    62 |    18 ||   160
Dodge: Dodged            |    32 |    81 |   142 |    43 ||   298
Block: Buckler           |    12 |    25 |    81 |    32 ||   150

Action                   |  1- 3 |  4- 6 |  7- 9 | 10-12 || total
-------------------------+-------+-------+-------+-------++-------
Melee: Mace              |    76 |    85 |     2 |       ||   163
       Bite              |     6 |    17 |    40 |    17 ||    80
       Dagger            |       |    72 |   277 |    89 ||   438
       Hand axe          |       |       |    43 |       ||    43
Throw: Boomerang         |       |       |     1 |       ||     1
Evoke: Wand              |       |     3 |     6 |     8 ||    17
  Use: Scroll            |       |       |    14 |     2 ||    16
       Potion            |       |       |       |     6 ||     6
 Stab: Sleeping          |     1 |     3 |     9 |     2 ||    15
       Confused          |     1 |       |     1 |       ||     2
       Paralysed         |       |     1 |       |       ||     1
       Distracted        |       |       |     2 |       ||     2
  Eat: Chunk             |       |     7 |    15 |     3 ||    25
Armor: Leather armour    |    18 |    62 |    62 |    18 ||   160
Dodge: Dodged            |    32 |    81 |   142 |    43 ||   298
Block: Buckler           |    12 |    25 |    81 |    32 ||   150
